 Dungeon Crawl Stone Soup version 0.27-a0-679-g77a6b55cf3 (webtiles) character file.

Game seed: 14767658546283037463

114 kae the Ruffian (level 4, 0/39 HPs)
             Began as a Naga Transmuter on Mar 18, 2021.
             Slain by an orc
             ... wielding a +0 dagger
              (6 damage)
             ... on level 2 of the Dungeon.
             The game lasted 00:02:07 (2718 turns).

kae the Ruffian (Naga Transmuter)                   Turns: 2718, Time: 00:02:08

Health: 0/39       AC:  2    Str: 14    XL:     4   Next: 97%
Magic:  7/7        EV: 10    Int: 13    God:
Gold:   113        SH:  0    Dex: 11    Spells: 2/7 levels left

rFire    . . .     SeeInvis +     - Unarmed
rCold    . . .     Faith    .   (no shield)
rNeg     . . .     Spirit   .   a - +0 robe
rPois    +         Reflect  .   (no helmet)
rElec    .         Harm     .   (no cloak)
rCorr    .         Rampage  .   (no gloves)
Will     .....                  (no barding)
Stlth    +.........             (no amulet)
HPRegen  0.13/turn              (no ring)
MPRegen  0.10/turn              (no ring)

@: flying, very slow
A: AC +1, large, see invisible, deformed body, poison resistance, slowness 2,
spit poison 1, naga tail 1
a: Spit Poison


You were on level 2 of the Dungeon.
You visited 1 branch of the dungeon, and saw 3 of its levels.

You collected 113 gold pieces.

Inventory:

Armour
 a - a +0 robe (worn)
Scrolls
 c - a scroll of torment {unknown}
 d - a scroll of random uselessness {unknown}
 e - a scroll of identify {unknown}
 g - 2 scrolls of teleportation {unknown}
Potions
 b - a potion of curing


   Skills:
 + Level 1.7 Fighting
 + Level 2.0 Dodging
 * Level 3.8 Unarmed Combat
 + Level 2.4 Spellcasting
 * Level 3.2 Transmutations


You had 2 spell levels left.
You knew the following spells:

 Your Spells              Type           Power      Damage    Failure   Level
a - Beastly Appendage     Tmut           18%        N/A       7%          1
b - Spider Form           Tmut/Pois      2%         N/A       36%         3
z - Magic Dart            Conj           4%         1d3       24%         1

Your spell library contained the following spells:

 Spells                   Type           Power      Damage    Failure   Level
 Wereblood                Tmut           9%         N/A       10%         2
 Corona                   Hex            1%         N/A       24%         1
 Blink                    Tloc           N/A        N/A       36%         2
 Call Imp                 Summ           1%         N/A       36%         2
 Ensorcelled Hibernation  Hex/Ice        2%         N/A       36%         2
 Slow                     Hex            1%         N/A       36%         2
 Confusing Touch          Hex            1%         N/A       58%         3
 Conjure Flame            Conj/Fire      1%         6-21      58%         3
 Dazzling Flash           Conj/Hex       2%         N/A       58%         3
 Mephitic Cloud           Conj/Pois/Air  1%         N/A       58%         3
 Tukima's Dance           Hex            1%         N/A       58%         3
 Ice Form                 Ice/Tmut       5%         N/A       77%         4
 Blade Hands              Tmut           4%         N/A       88%         5


Dungeon Overview and Level Annotations

Branches:
Dungeon (3/15)

Altars:
Gozag


Innate Abilities, Weirdness & Mutations

Your serpentine skin is tough. (AC +1)
You have supernaturally acute eyesight. (SInv)
Armour fits poorly on your strangely shaped body.
Your system is resistant to poisons. (rPois)
You cover ground very slowly.
You can spit poison.
You have a snake-like lower body.


Message History

Abil: Spit Poison
Press: ? - help, Q - select action, (/) - cycle Shift-Dir - straight line, f - orc
Aim: an orc, wielding a +1 flail of protection and wearing a +0 ring mail The splash of poison hits the orc!
The orc is poisoned.
You kill the orc!
There are monsters nearby!
You can't do that yet.
You can't do that yet.
There are monsters nearby!
Your transformation is almost over.
The orc priest invokes the aid of Beogh against you.
Beogh smites you!
The orc priest begins to cast a cantrip, but forgets the words!
The orc closely misses you.
A giant cockroach comes into view.
You have got your breath back.
The orc barely misses you.
There is a stone staircase leading up here.
The orc hits you with a +0 vorpal hand axe!
* * * LOW HITPOINT WARNING * * *
x2 The orc closely misses you.
You climb upwards.
There is a stone staircase leading down here.
Abil: Spit Poison
Press: ? - help, Q - select action, (/) - cycle Shift-Dir - straight line, f - orc
Aim: an orc, wielding a +0 dagger The splash of poison misses the orc.
Your horns disappear.
The orc closely misses you. x2
There are monsters nearby!
The orc closely misses you. The orc barely misses you.
The orc hits you with a +0 dagger.
* * * LOW HITPOINT WARNING * * *
It was a potion of flight.
You feel very buoyant.
You fly up into the air.
You have got your breath back.
The orc hits you with a +0 dagger.
You die...

#
#.#.#.#.######.######.#
#
#.#..(.............(...
#
#.###.#..........####.#
##
#.....######÷###.......
.#
########...>.......#..#
## #..÷.÷.......... #
#..##<########.#
####..##.########.#
#.@oo.............#
#.##.>##.########.#
#.##..##.########.#
#.##..##..>........
#......#########...
#..#.#.#########..#
#...(.......#..†..#
##.#.#.####.#.##.##
#....)# ##.#.#....


You could see 2 orcs.

Vanquished Creatures
  An orc priest (D:3)
  3 adders (D:2)
  A worm (D:2)
  3 dart slugs
  2 leopard geckos
  An orc (D:3)
  A ball python (D:1)
  4 giant cockroaches
  7 goblins
  6 hobgoblins
  A quokka (D:1)
  7 bats
  2 frilled lizards
  4 kobolds
  3 rats
46 creatures vanquished.

Notes
Turn   | Place    | Note
-------+----------+-------------------------------------------
     0 | D:1      | kae the Naga Transmuter began the quest for the Orb.
     0 | D:1      | Reached XP level 1. HP: 18/18 MP: 3/3
   313 | D:1      | Reached XP level 2. HP: 25/25 MP: 3/5
  1001 | D:1      | Reached XP level 3. HP: 31/31 MP: 4/6
  1003 | D:1      | Learned a level 1 spell: Magic Dart
  1007 | D:1      | Learned a level 3 spell: Spider Form
  1854 | D:2      | Reached XP level 4. HP: 38/38 MP: 5/7
  2167 | D:2      | Found an opulent altar of Gozag.
  2718 | D:2      | Slain by an orc

Illustrated notes

Levels and vault maps discovered:
D:1:      psy_arrival_basics, layout_loops_ring, minivault_23
D:2:      layout_loops_ring, grunt_gozag_breadcrumbs
D:3:      layout_basic, amcnicky_mini_pool_small, lemuel_statue_altar

Skill      XL: |  1  2  3  4 |
---------------+-------------+-----
Dodging        | 2 |  2.0
Transmutations | 3 |  3.2
Fighting       | |  1.7
Unarmed Combat | |  3.8
Spellcasting   | |  2.4

Action                   |  1- 3 |  4- 6 || total
-------------------------+-------+-------++-------
Melee: Unarmed           |    48 |    23 ||    71
       Headbutt          |     6 |     1 ||     7
 Cast: Beastly Appendage |    21 |     6 ||    27
       Spider Form       |       |     2 ||     2
 Abil: Spit Poison       |    28 |    14 ||    42
  Use: Potion            |       |     2 ||     2
Armor: Robe              |    23 |     3 ||    26
Dodge: Dodged            |    46 |    26 ||    72

Table legend: (Time is in decaauts)
 A = Elapsed time spent in this place.
 B = Non-inter-level travel time spent in this place.
 C = Inter-level travel time spent in this place.
 D = Time resting spent in this place.
 E = Time spent auto-exploring this place.
 F = Levels seen in this place.
 G = Mean time per level.
                   A        B        C        D        E       F      G
               +--------+--------+--------+--------+--------+-----+--------+
         Total |   3152 |   3050 |    102 |    235 |   2454 |   3 | 1050.7 |
       Dungeon |   3152 |   3050 |    102 |    235 |   2454 |   3 | 1050.7 |
               +--------+--------+--------+--------+--------+-----+--------+

Top non-repeatable levels by time:
     D:2: 1554 daAuts
     D:1: 1505 daAuts
     D:3: 91 daAuts
